 Dungeon Crawl Stone Soup version 0.23.0 (webtiles) character file.

Game seed: 16328033324556541327

107 Kurtz the Chopper (level 4, -10/35 HPs)
             Began as a Mummy Chaos Knight on Feb 17, 2019.
             Was a Plaything of Xom.
             Mangled by a cyclops (glowing shapeshifter) (29 damage)
             ... on level 3 of the Dungeon.
             The game lasted 00:01:01 (1292 turns).

Kurtz the Chopper (Mummy Chaos Knight)              Turns: 1292, Time: 00:01:01

Health: -10/35     AC:  6    Str: 16    XL:     4   Next: 57%
Magic:  4/4        EV:  9    Int: 11    God:    Xom [..*...]
Gold:   26         SH:  0    Dex: 11    Spells: 3/3 levels left

rFire    x . .     SeeInvis .   a - +0 hand axe (chaos)
rCold    + . .     Gourm    .   (no shield)
rNeg     + + +     Faith    .   e - +0 scale mail
rPois    ∞         Spirit   .   (no helmet)
rElec    .         Reflect  .   (no cloak)
rCorr    .         Harm     .   (no gloves)
MR       .....                  (no boots)
Stlth    ..........             (no amulet)
HPRegen  0.11/turn              f - ring of wizardry
MPRegen  0.09/turn              (no ring)

@: no status effects
A: no food or potions, fire vulnerability, cold resistance 1, negative energy
resistance 3, torment resistance, unbreathing
a: Renounce Religion


You were on level 3 of the Dungeon.
You worshipped Xom.
You were a toy of Xom.
You were not hungry.

You visited 1 branch of the dungeon, and saw 3 of its levels.

You collected 26 gold pieces.

Inventory:

Hand Weapons
 a - a +0 hand axe of chaos (weapon)
Armour
 b - a +2 leather armour
 e - a +0 scale mail (worn)
Jewellery
 f - a ring of wizardry (left hand)
Scrolls
 c - 2 scrolls of remove curse {unknown}
 d - 2 scrolls of identify {unknown}


   Skills:
 - Level 3.0 Fighting
 * Level 4.2 Axes
 - Level 1.5 Armour
 * Level 1.4 Dodging


You had 3 spell levels left.
You didn't know any spells.
Your spell library was empty.

Dungeon Overview and Level Annotations

Branches:
Dungeon (3/15)

Altars:
Yredelemnul


Innate Abilities, Weirdness & Mutations

You do not eat or drink.
Your flesh is vulnerable to fire.
You are immune to poison.
Your flesh is cold resistant. (rC+)
You are immune to negative energy. (rN+++)
You are immune to unholy pain and torment.
You can survive without breathing.


Message History

The sky beast flickers out of sight!
Deactivating autopickup; reactivate with Ctrl-A.
The merfolk picks up a +0 falchion.
The merfolk wields a +0 falchion.
The merfolk hits you but does no damage.
Your scale mail prevents you from hitting the merfolk.
The merfolk is lightly wounded.
The merfolk changes into an anaconda!
You miss the anaconda. Xom almost notices you.
You are momentarily dazzled by a flash of light!
The anaconda changes into a shock serpent!
The shock serpent changes into a cyclops!
You hit the cyclops. You freeze the cyclops.
The cyclops is lightly wounded.
You hit the cyclops.
The cyclops is lightly wounded.
The cyclops hits you!!
Ouch! That really hurt!
You die...
Xom is highly amused!

######.###......#
#...............#
#.####.###......##.#
#..†..........#
#.###.#..#######.
#.# #.#..# .... #.#
#.#..# ..... #.#
#.#..##...... #.#
#.#..@C{..... #.#
#(#.###.....# #.
..... ....+ #.###
...# #. ..# # ##


You could see a cyclops shaped shifter.

Vanquished Creatures
  A hound (D:3)
  2 adders
  2 worms (D:2)
  A dart slug (D:2)
  2 orcs (D:3)
  A ball python (D:2)
  7 bats
  3 giant cockroaches (D:2)
  10 goblins
  5 hobgoblins
  2 jackals (D:1)
  8 kobolds
  2 frilled lizards (D:1)
  4 rats
50 creatures vanquished.

Vanquished Creatures (collateral kills)
  A rat (D:1)
1 creature vanquished.

Grand Total: 51 creatures vanquished

Notes
Turn   | Place    | Note
-------+----------+-------------------------------------------
     0 | D:1      | Kurtz the Mummy Chaos Knight began the quest for the Orb.
     0 | D:1      | Reached XP level 1. HP: 18/18 MP: 1/1
   243 | D:1      | Reached XP level 2. HP: 13/24 MP: 2/2
   244 | D:1      | Reached skill level 3 in Axes
   598 | D:1      | Reached XP level 3. HP: 27/29 MP: 3/3
   628 | D:2      | Reached skill level 1 in Dodging
  1201 | D:3      | Found a basalt altar of Yredelemnul.
  1216 | D:3      | XOM: potion effect (might)
  1218 | D:3      | Reached skill level 4 in Axes
  1218 | D:3      | Reached XP level 4. HP: 33/35 MP: 4/4
  1271 | D:3      | Noticed a sky beast
  1285 | D:3      | Noticed a glowing shapeshifter
  1285 | D:3      | an orc changed into a glowing shapeshifter
  1285 | D:3      | Noticed an eye of devastation
  1285 | D:3      | a glowing shapeshifter changed into an eye of devastation
  1286 | D:3      | Noticed a snapping turtle
  1286 | D:3      | an eye of devastation changed into a snapping turtle
  1287 | D:3      | Noticed a merfolk
  1287 | D:3      | a snapping turtle changed into a merfolk
  1289 | D:3      | Noticed an anaconda
  1289 | D:3      | a merfolk changed into an anaconda
  1290 | D:3      | XOM: harmless Conj miscast
  1290 | D:3      | Noticed a shock serpent
  1290 | D:3      | an anaconda changed into a shock serpent
  1290 | D:3      | Noticed a cyclops
  1290 | D:3      | a shock serpent changed into a cyclops
  1292 | D:3      | Mangled by a cyclops (glowing shapeshifter)

Skill      XL: |  1  2  3 |
---------------+----------+-----
Axes           | 3 4 |  4.2
Dodging        | 1 |  1.4
Fighting       | |  3.0
Armour         | |  1.5

Action                   |  1- 3 |  4- 6 || total
-------------------------+-------+-------++-------
Melee: Hand axe          |   112 |    28 ||   140
 Stab: Confused          |     1 |       ||     1
       Paralysed         |     3 |       ||     3
Armor: Leather armour    |    46 |       ||    46
       Scale mail        |     2 |     6 ||     8
Dodge: Dodged            |    79 |     7 ||    86
